 Dungeon Crawl Stone Soup version 0.23.0-3-gf3c87f2 (webtiles) character file.

Game seed: 9179603013566184804

169 Semilg the Cudgeler (level 5, -9/33 HPs)
             Began as a Gargoyle Monk on Feb 22, 2019.
             Was a Follower of Dithmenos.
             Killed by divine providence
             ... invoked by an orc priest
              (17 damage)
             ... on level 4 of the Dungeon on Feb 23, 2019.
             The game lasted 00:27:40 (3420 turns).

Semilg the Cudgeler (Gargoyle Monk)                 Turns: 3420, Time: 00:27:41

Health: -9/33      AC: 13    Str: 21    XL:     5   Next: 50%
Magic:  4/5        EV:  9    Int: 10    God:    Dithmenos [*.....]
Gold:   180        SH:  0    Dex: 12    Spells: 4/4 levels left

rFire    + . .     SeeInvis .   s - -1 arbalest (curse)
rCold    x . .     Gourm    .   (shield currently unavailable)
rNeg     + . .     Faith    .   w - +0 chain mail
rPois    ∞         Spirit   .   (no helmet)
rElec    +         Reflect  .   j - +0 cloak
rCorr    .         Harm     .   (no gloves)
MR       .....                  (no boots)
Stlth    ..........             k - amulet of the acrobat
HPRegen  0.11/turn              o - ring of fire
MPRegen  0.09/turn              (no ring)

@: mighty, wreathed by umbra
A: negative energy resistance 1, electricity resistance, unbreathing,
petrification resistance, rot immunity, AC +4
a: Renounce Religion


You were on level 4 of the Dungeon.
You worshipped Dithmenos.
Dithmenos was aware of your devotion.
You were not hungry.

You visited 1 branch of the dungeon, and saw 4 of its levels.

You collected 180 gold pieces.

Inventory:

Hand Weapons
 a - a +1 mace
 e - a +0 falchion
 h - a +0 long sword
 s - a cursed -1 arbalest (weapon)
 v - a +0 flail
Missiles
 d - 26 sling bullets
 g - 16 stones (quivered)
 i - 20 arrows
Armour
 j - a +0 cloak (worn)
 l - a cursed -2 buckler
 r - a +0 chain mail
 w - a +0 chain mail (worn)
Jewellery
 k - an amulet of the acrobat (around neck)
 o - a ring of fire (left hand)
Potions
 b - a potion of agility {unknown}
 f - a potion of lignification {unknown}
 m - a potion of mutation {unknown}
 n - 2 potions of curing
Comestibles
 c - 7 rations


   Skills:
 + Level 3.7 Fighting
 + Level 4.2 Maces & Flails
 + Level 1.6 Throwing
 * Level 1.5 Armour
 + Level 3.1 Dodging
 + Level 2.4 Stealth


You had 4 spell levels left.
You didn't know any spells.
Your spell library was empty.

Dungeon Overview and Level Annotations

Branches:
Dungeon (4/15)
 Temple: D:4-7

Altars:
Dithmenos
Fedhas


Innate Abilities, Weirdness & Mutations

You are resistant to torment.
Your stone body is resilient. (AC +4)
You are immune to poison.
You resist negative energy. (rN+)
You are resistant to electric shocks. (rElec)
You can survive without breathing.
You are immune to petrification.
You are immune to rotting.


Message History

Okay, then.
You clumsily bash the orc but do no damage.
The adder bites you but does no damage. The leopard gecko barely misses you.
The orc barely misses you. The orc hits you but does no damage.
The adder bites you.
The orc priest mumbles some strange prayers to Beogh against you.
Beogh smites you!
* * * LOW HITPOINT WARNING * * *
The leopard gecko bites you.
* * * LOW HITPOINT WARNING * * *
It was a potion of might.
You feel very mighty all of a sudden. The orc completely misses you.
The adder bites you but does no damage. The leopard gecko barely misses you.
It was a potion of curing.
You feel better. The adder closely misses you. The orc completely misses you.
The leopard gecko closely misses you.
The orc priest calls down the wrath of Beogh upon you.
Beogh smites you!
Ouch! That really hurt!
You die...

#. ##
##..#l####
...o.oo@.#
...#.oolS#
#.#####o#
#.[...#.####.#
#............#
#####.#.######
#.#.# #.#.#
#####.#.#


You could see an orc priest, an adder, 5 orcs and 2 leopard geckos.

Vanquished Creatures
  A hound (D:2)
  Ijyb (D:3)
  4 gnolls (D:3)
  2 adders (D:2)
  An adder zombie (D:3)
  A worm (D:2)
  A dart slug (D:3)
  2 leopard geckos (D:1)
  An orc (D:3)
  A giant cockroach (D:1)
  3 goblins
  5 hobgoblins
  6 jackals (D:1)
  9 kobolds
  A quokka (D:3)
  4 bats
  2 frilled lizards (D:2)
  6 rats
51 creatures vanquished.

Notes
Turn   | Place    | Note
-------+----------+-------------------------------------------
     0 | D:1      | Semilg the Gargoyle Monk began the quest for the Orb.
     0 | D:1      | Reached XP level 1. HP: 14/14 MP: 1/1
   171 | D:1      | Reached XP level 2. HP: 11/19 MP: 2/2
   465 | D:1      | Reached XP level 3. HP: 19/23 MP: 3/3
   896 | D:2      | Reached skill level 1 in Throwing
   896 | D:2      | Reached XP level 4. HP: 28/28 MP: 4/4
  1242 | D:2      | Found a blossoming altar of Fedhas.
  1753 | D:3      | Reached skill level 1 in Armour
  1762 | D:3      | Reached skill level 4 in Maces & Flails
  1762 | D:3      | Reached XP level 5. HP: 26/33 MP: 5/5
  1918 | D:3      | Noticed Ijyb
  1966 | D:3      | Killed Ijyb
  2250 | D:3      | Found a faded altar of an unknown god.
  2439 | D:3      | Became a worshipper of Dithmenos the Shadowed
  2439 | D:3      | Reached * piety under Dithmenos
  2439 | D:3      | Reached ** piety under Dithmenos
  3420 | D:4      | Killed from afar by an orc priest

Skill      XL: |  1  2  3  4 |
---------------+-------------+-----
Dodging        | 3 |  3.1
Throwing       | 1 |  1.6
Armour         | 1 |  1.5
Maces & Flails | 4 |  4.2
Fighting       | |  3.7
Stealth        | |  2.4

Action                   |  1- 3 |  4- 6 || total
-------------------------+-------+-------++-------
Melee: Mace              |    93 |    48 ||   141
       Arbalest          |       |   280 ||   280
       Flail             |       |    21 ||    21
Throw: Stone             |    72 |   180 ||   252
       Throwing net      |       |     5 ||     5
Invok: Shadow Step       |       |     4 ||     4
  Use: Scroll            |     1 |     4 ||     5
       Potion            |       |     2 ||     2
  Eat: Chunk             |       |     7 ||     7
       Ration            |       |     1 ||     1
Armor: Robe              |    32 |       ||    32
       Chain mail        |       |   392 ||   392
Dodge: Dodged            |    86 |   404 ||   490
